 Dungeon Crawl Stone Soup version 0.19.3-4-gbf9329e (webtiles) character file.

1465 TuxedoFelix the Shield-Bearer (level 8, -1/73 HPs)
             Began as a Minotaur Fighter on Jan 28, 2017.
             Was a Follower of the Shining One.
             Slain by a gnoll shaman
             ... wielding a +0 club
              (3 damage)
             ... on level 6 of the Dungeon.
             The game lasted 00:35:18 (5508 turns).

TuxedoFelix the Shield-Bearer (Minotaur Fighter)    Turns: 5508, Time: 00:35:18

Health: -1/73      AC:  8    Str: 22 (23) XL:     8   Next: 48%
Magic:  9/9        EV:  8    Int:  3 (5)  God:    the Shining One [*.....]
Gold:   205        SH:  0    Dex:  9 (10) Spells: 0 memorised, 7 levels left

rFire  . . .     SeeInvis .     a - +1 long sword
rCold  + . .     Gourm    .     b - +0 scale mail
rNeg   + . .     Faith    .     c - +0 shield
rPois  .         Spirit   .     (helmet restricted)
rElec  .         Reflect  +     (no cloak)
rCorr  .         Harm     .     (no gloves)
MR     .....     Clarity  +     (no boots)
Stlth  ..........               g - +3 amulet of reflection
                                i - +1 ring of protection
                                k - ring of positive energy

@: confused, glowing
A: retaliatory headbutt, horns 2, clarity, cold resistance 1, subdued magic 1
a: Renounce Religion


You were on level 6 of the Dungeon.
You worshipped the Shining One.
The Shining One was aware of your devotion.
You were not hungry.

You visited 1 branch of the dungeon, and saw 6 of its levels.

You collected 205 gold pieces.

Inventory:

Hand Weapons
 a - a +1 long sword (weapon)
 d - a +4 rapier
Missiles
 o - a throwing net (quivered)
Armour
 b - a +0 scale mail (worn)
 c - a +0 shield (worn)
Jewellery
 g - a +3 amulet of reflection (around neck)
 i - a +1 ring of protection (right hand)
 k - a ring of positive energy (left hand)
Wands
 w - a wand of confusion (31/48)
 x - a wand of iceblast (2/15)
Scrolls
 e - a scroll of amnesia
 n - a scroll of remove curse
Potions
 m - a potion of haste {unknown}
 t - a potion of lignification
 v - a potion of magic {unknown}
Books
 q - a book of Flames

   Spells                             Type                      Level
   a - Flame Tongue                   Conjuration/Fire             1
   b - Throw Flame                    Conjuration/Fire             2
   c - Conjure Flame                  Conjuration/Fire             3
   d - Inner Flame                    Hexes/Fire                   3
   e - Sticky Flame                   Conjuration/Fire             4
   f - Fireball                       Conjuration/Fire             5
Comestibles
 s - a royal jelly


   Skills:
 + Level 7.0 Fighting
 + Level 5.9 Long Blades
 + Level 6.7 Armour
 - Level 0.2 Dodging
 + Level 7.1 Shields
 * Level 3.8 Invocations


You had 7 spell levels left.
You didn't know any spells.

Dungeon Overview and Level Annotations

Branches:
Dungeon (6/15)
 Temple: D:4-7

Altars:
Gozag
Hepliaklqana
Kikubaaqudgha
Makhleb
Nemelex Xobeh
Okawaru
Qazlal
Sif Muna
Vehumet
Xom
Yredelemnul
The Shining One


Innate Abilities, Weirdness & Mutations

You reflexively headbutt those who attack you in melee.
You have a pair of horns on your head.
You possess an exceptional clarity of mind.
Your flesh is cold resistant. (rC+)
Your spells are a little easier to cast, but a little less powerful.


Message History

Aim: an orc warrior, wielding a battleaxe and wearing a chain mail (blue smoke, moderately wounded, haloed)
Okay, then.
You are confused.
You feel invigorated.
The gnoll hits you from afar with a spear.
* * * LOW HITPOINT WARNING * * *
The gnoll hits you but does no damage. The gnoll shaman hits you with a club.
* * * LOW HITPOINT WARNING * * *
Unknown command.
It was a potion of degeneration.
There was something very wrong with that liquid.
You feel weakened.
You feel dopey.
You feel clumsy.
The gnoll hits you from afar with a spear.
* * * LOW HITPOINT WARNING * * *
The gnoll barely misses you. The gnoll hits you with a flail.
* * * LOW HITPOINT WARNING * * *
The orc warrior hits you with a battleaxe!
The Shining One protects you from harm! The gnoll shaman hits you with a club.
You die...

###### ####....#
#.......##
##..>.....# ####
#....(....# ###...#
###oogo§§..#
#.......##...gogg§.##
.............##@§###
...........#######
...........##
..........(.##
.............##
..............#
..............#
..............#
.............##


You could see an orc warrior, a gnoll shaman, 3 gnolls and 2 orcs.

Vanquished Creatures
  Eustachio (D:4)
  Menkaure (D:5)
  Edmund (D:4)
  An orc warrior (D:6)
  2 scorpions
  3 wights (D:3)
  3 crimson imps (D:5)
  2 jellies
  Crazy Yiuf (D:4)
  3 orc priests
  A bullfrog skeleton (D:4)
  A centaur skeleton (D:4)
  Ijyb (D:2)
  Natasha (thrice) (D:2 D:4)
  An iguana (D:4)
  2 orc wizards
  2 worker ants
  Robin (D:2)
  7 adders
  An ooze (D:1)
  A worm (D:3)
  4 dart slugs (D:1)
  A leopard gecko (D:4)
  19 orcs
  2 ball pythons (D:3)
  4 bats
  5 giant cockroaches
  15 goblins
  16 hobgoblins
  16 jackals
  A quokka (D:5)
  2 frilled lizards
  9 kobolds
  A leopard gecko zombie (D:5)
  5 rats
139 creatures vanquished.

Notes
Turn   | Place    | Note
-------+----------+-------------------------------------------
     0 | D:1      | TuxedoFelix the Minotaur Fighter began the quest for the Orb.
     0 | D:1      | Reached XP level 1. HP: 19/19 MP: 0/0
   196 | D:1      | Reached XP level 2. HP: 27/27 MP: 1/1
   403 | D:1      | Reached XP level 3. HP: 29/33 MP: 2/2
  1157 | D:2      | Noticed Natasha
  1167 | D:2      | Killed Natasha
  1167 | D:2      | Reached XP level 4. HP: 28/41 MP: 3/3
  1313 | D:2      | Noticed Ijyb
  1328 | D:2      | Killed Ijyb
  1480 | D:2      | Found a sparkling altar of Nemelex Xobeh.
  1496 | D:2      | Noticed Robin
  1537 | D:2      | Killed Robin
  1637 | D:2      | Reached XP level 5. HP: 43/47 MP: 4/4
  1984 | D:2      | Found a deep blue altar of Sif Muna.
  2024 | D:2      | Reached skill level 5 in Fighting
  2147 | D:2      | Found a radiant altar of Vehumet.
  2151 | D:2      | Found a burning altar of Makhleb.
  2320 | D:2      | Reached skill level 5 in Shields
  2406 | D:3      | Found a basalt altar of Yredelemnul.
  2462 | D:3      | Reached skill level 5 in Armour
  2462 | D:3      | Reached XP level 6. HP: 25/56 MP: 5/5
  2730 | D:3      | Found an opulent altar of Gozag.
  2738 | D:3      | Found a glowing golden altar of the Shining One.
  2741 | D:3      | Found a hazy altar of Hepliaklqana.
  2752 | D:3      | Found an ancient bone altar of Kikubaaqudgha.
  2800 | D:3      | Became a worshipper of the Shining One
  3369 | D:4      | Noticed Eustachio
  3377 | D:4      | Killed Eustachio
  3377 | D:4      | Reached XP level 7. HP: 62/62 MP: 6/6
  3414 | D:4      | Noticed Natasha
  3417 | D:4      | Killed Natasha
  3430 | D:4      | Noticed Natasha
  3432 | D:4      | Killed Natasha
  3432 | D:4      | Reached skill level 1 in Invocations
  3469 | D:4      | Noticed Edmund
  3491 | D:4      | Killed Edmund
  3491 | D:4      | Reached skill level 5 in Long Blades
  4213 | D:4      | Found a runed door.
  4217 | D:4      | Noticed Crazy Yiuf
  4221 | D:4      | Killed Crazy Yiuf
  4478 | D:5      | Entered Level 5 of the Dungeon
  4510 | D:5      | Found a stormy altar of Qazlal.
  4511 | D:5      | Reached * piety under the Shining One
  4525 | D:5      | Reached XP level 8. HP: 58/71 MP: 8/8
  4621 | D:5      | Found a shimmering altar of Xom.
  4621 | D:5      | Found a shimmering altar of Xom.
  4622 | D:5      | Found a shimmering altar of Xom.
  4714 | D:5      | Found a shimmering altar of Xom.
  4864 | D:5      | Noticed Menkaure
  4871 | D:5      | Killed Menkaure
  5178 | D:5      | Found an iron altar of Okawaru.
  5504 | D:6      | Gained mutation: You possess an exceptional clarity of mind. [potion of mutation]
  5504 | D:6      | Gained mutation: Your spells are a little easier to cast, but a little less powerful. [potion of mutation]
  5504 | D:6      | Gained mutation: Your flesh is cold resistant. (rC+) [potion of mutation]
  5507 | D:6      | HP: 2/73 [gnoll shaman/club (4)]
  5508 | D:6      | The Shining One protects you from harm!
  5508 | D:6      | Slain by a gnoll shaman

Skill      XL: |  1  2  3  4  5  6  7  8 |
---------------+-------------------------+-----
Shields        | 4 5 6 7 |  7.1
Fighting       | 4 5 6 7 |  7.0
Armour         | 4 5 6 |  6.7
Long Blades    | 3 4 5 |  5.9
Invocations    | 2 3 |  3.8
Dodging        | |  0.2

Action                   |  1- 3 |  4- 6 |  7- 9 || total
-------------------------+-------+-------+-------++-------
Melee: Long sword        |    69 |   188 |   144 ||   401
       Headbutt          |     8 |    45 |    26 ||    79
Throw: Throwing net      |       |       |     1 ||     1
  Use: Scroll            |     3 |     1 |     9 ||    13
       Potion            |     1 |     2 |     5 ||     8
  Eat: Bread ration      |     1 |       |     2 ||     3
       Chunk             |       |     2 |     2 ||     4
       Beef jerky        |       |     1 |       ||     1
Armor: Scale mail        |    21 |    69 |    40 ||   130
Dodge: Dodged            |    21 |    52 |    25 ||    98
Block: Shield            |    40 |   129 |   102 ||   271
       Reflection        |     4 |     2 |     1 ||     7
       Rpst.: Long sword |     6 |    14 |     6 ||    26
